Match 47272882
Unlisted

Match 47272882
End
Construct Infanterie Kompanie
Selects Italian Coastal Battlegroup
Selects Coastal Reserves
MG 42 Machine Gun Team
Grenadier Squad
Grenadier Squad
Construct Panzergrenadier Kompanie
Grenadier Squad
251 Medium Carrier
Panzergrenadier Officer Quarters
Selects Support Bunkers
AI Takeover
Careful Icarus
春天到啦
Kefbr
YOUMORREU
lemerman9
JoKeRX3
gabman6
CoH3Master
0
0

Comments sign in to comment!

No comments posted yet!